 Dungeon Crawl Stone Soup version 0.16-a0-1083-g6a3eec8 (webtiles) character file.

4813 Hodglim the Fighter (level 10, -2/94 HPs)
             Began as a Minotaur Berserker on Oct 5, 2014.
             Was a High Priest of Trog.
             Slain by a six-headed hydra (4 damage)
             ... on level 1 of the Lair of Beasts.
             The game lasted 00:50:42 (9099 turns).

Hodglim the Fighter (Minotaur Berserker)            Turns: 9099, Time: 00:50:44

HP  -2/94        AC 15     Str 25      XL: 10   Next: 24%
MP   4/4         EV  6     Int  4      God: Trog [*****.]
Gold 389         SH  0     Dex 10      Spells:  0 memorised,  9 levels left

rFire  . . .     SeeInvis .     y - +1 battleaxe
rCold  . . .     Clarity  .     w - +0 plate armour
rNeg   . . .     rCorr    .     (no shield)
rPois  .         rRot     .     (helmet restricted)
rElec  .         Spirit   .     (no cloak)
SustAb .         Warding  .     s - +0 pair of gloves
rMut   +         Stasis   .     r - +0 pair of boots
Gourm  .                        k - amulet of resist mutation
MR     ++...                    (no ring)
                                (no ring)

@: regenerating, very resistant to hostile enchantments, extremely unstealthy
A: retaliatory headbutt, horns 2
a: Burn Spellbooks, Berserk, Trog's Hand, Brothers in Arms, Renounce Religion


You were on level 1 of the Lair of Beasts.
You worshipped Trog.
Trog was extremely pleased with you.
You were very hungry.

You visited 3 branches of the dungeon, and saw 11 of its levels.
You also visited: Sewer.

You collected 389 gold pieces.

Inventory:

Hand weapons
 b - a +0 shortbow
 y - a +1 battleaxe (weapon)
 C - a +2 long sword of freezing
 D - a +3 scimitar of flaming
Missiles
 u - 8 arrows of flame
Armour
 r - a +0 pair of boots (worn)
 s - a +0 pair of gloves (worn)
 w - a +0 plate armour (worn)
Magical devices
 g - a wand of magic darts (11) {unknown}
 q - a wand of digging (12) {unknown}
Comestibles
 c - 6 bread rations
 i - 5 meat rations
Scrolls
 a - a scroll of remove curse
 e - 9 scrolls of identify
 j - 3 scrolls of recharging
 p - 2 scrolls of enchant weapon
 x - a scroll of immolation {unknown}
Jewellery
 k - an amulet of resist mutation (around neck)
 t - an uncursed ring of ice
 v - an uncursed amulet of clarity
Potions
 d - 9 potions of curing
 f - a potion of agility
 h - 6 potions of heal wounds
 l - 2 potions of restore abilities
 m - 7 potions of flight
 n - 2 potions of mutation
 o - 2 potions of might {unknown}
 z - a potion of brilliance {unknown}
 A - a potion of cancellation {unknown}
 B - a potion of resistance {unknown}


   Skills:
 + Level 10.9 Fighting
 - Level 2.8 Long Blades
 + Level 10.4 Axes
 + Level 6.0 Armour
 - Level 8.6 Dodging


You had 9 spell levels left.
You didn't know any spells.

Dungeon Overview and Level Annotations

Branches:
Dungeon (8/15)             Temple (1/1) D:6            Lair (2/8) D:8

Altars:
Ashenzari
Cheibriados
Dithmenos
Elyvilon
Fedhas
Gozag
Kikubaaqudgha
Makhleb
Nemelex Xobeh
Okawaru
Qazlal
Ru
Sif Muna
Trog
Vehumet
Xom
Yredelemnul
Zin
The Shining One


Innate Abilities, Weirdness & Mutations

You reflexively headbutt those who attack you in melee.
You have a pair of horns on your head.


Message History

You climb downwards.
There is a stone staircase leading up here.
The six-headed hydra bites you but does no damage. x3
The six-headed hydra bites you.
The six-headed hydra bites you but does no damage. x2
You climb upwards.
There is a stone staircase leading down here.
Use which ability? (? or * to list)
Your skin crawls.
You feel resistant to hostile enchantments.
You feel slightly more hungry. The six-headed hydra bites you.
* * * LOW HITPOINT WARNING * * *
The six-headed hydra bites you!
* * * LOW HITPOINT WARNING * * *
The six-headed hydra bites you!
* * * LOW HITPOINT WARNING * * *
The six-headed hydra bites you.
* * * LOW HITPOINT WARNING * * *
The six-headed hydra bites you.
You die...

## ##....[..................
#.##...............###......
###.................#........
##........................##..
##....................(.....#..
##..........................#...
#...............................
##..................##....###....
..........#.....@....##.### ##.##
...........#.....D..P#### ####
.........##..........# #.
.....................## ##
......................# #
.....................## .
......................# #
......##....#.....###.## #
.....#.....#....####..#


You could see a six-headed hydra.

Vanquished Creatures
  Erica (Lair:1)
  The ghost of MrRokkomies the Grasshopper, an experienced DsWr of Cheibriados (D:7)
  A wyvern (D:8)
  A water moccasin (D:8)
  A phantom (D:5)
  A black bear (D:8)
  3 sky beasts
  2 orc warriors
  3 ice beasts
  An ogre (D:7)
  A centaur (D:6)
  2 big kobolds (Sewer)
  6 giant frogs
  2 scorpions
  12 killer bees (D:7)
  5 wights (D:8)
  4 crimson imps
  2 goliath beetles
  2 orc priests
  4 hounds
  A giant frog zombie (D:5)
  A giant frog skeleton (D:7)
  2 iguanas
  3 orc wizards
  3 worker ants
  A sky beast zombie (D:5)
  A hound zombie (D:7)
  7 gnolls (D:7)
  4 green rats (Sewer)
  18 adders
  A giant mite (D:6)
  2 worms (D:2)
  An adder zombie (D:5)
  An iguana zombie (D:8)
  An adder skeleton (D:8)
  An orc zombie (D:8)
  6 giant geckos
  An ooze (Sewer)
  20 orcs
  A giant cockroach (D:4)
  12 goblins
  11 hobgoblins
  6 jackals
  8 quokkas
  4 ball pythons
  10 bats
  7 giant newts
  A hobgoblin zombie (D:7)
  A jackal skeleton (D:6)
  24 kobolds
  30 rats
  2 fungi (D:5)
247 creatures vanquished.

Notes
Turn   | Place    | Note
--------------------------------------------------------------
     0 | D:1      | Hodglim, the Minotaur Berserker, began the quest for the Orb.
     0 | D:1      | Reached XP level 1. HP: 19/19 MP: 1/1
   454 | D:1      | Reached XP level 2. HP: 21/27 MP: 1/1
   757 | D:2      | Acquired Trog's second power
   757 | D:2      | Reached skill level 4 in Fighting
   954 | D:2      | Reached XP level 3. HP: 24/33 MP: 2/2
  1542 | D:2      | Reached XP level 4. HP: 41/41 MP: 2/2
  2108 | D:3      | Found an opulent altar of Gozag.
  2484 | D:4      | Noticed a giant frog
  2496 | D:4      | Killed a giant frog
  2496 | D:4      | Reached skill level 5 in Fighting
  2496 | D:4      | Reached skill level 5 in Axes
  2496 | D:4      | Reached XP level 5. HP: 13/48 MP: 2/2
  2726 | D:4      | Found a stormy altar of Qazlal.
  3342 | D:5      | Entered Level 5 of the Dungeon
  3417 | D:4      | Noticed a sky beast
  3424 | D:4      | Killed a sky beast
  3424 | D:4      | Reached XP level 6. HP: 46/57 MP: 3/3
  3536 | D:5      | Found a blossoming altar of Fedhas.
  3583 | D:5      | Noticed a phantom
  3639 | D:5      | Killed a phantom
  3639 | D:5      | Reached skill level 6 in Fighting
  3763 | D:5      | Found an iron altar of Okawaru.
  3763 | D:5      | Noticed an ice beast
  3770 | D:5      | Reached XP level 7. HP: 49/64 MP: 3/3
  3776 | D:5      | Killed an ice beast
  4176 | D:5      | Noticed a sky beast
  4183 | D:5      | Killed a sky beast
  4270 | D:5      | Reached skill level 7 in Fighting
  4498 | D:6      | Acquired Trog's third power
  4500 | D:6      | Reached skill level 5 in Dodging
  4500 | D:6      | Reached XP level 8. HP: 59/73 MP: 3/3
  4859 | D:6      | Found a glowing drain.
  4895 | Sewer    | Entered a sewer
  4942 | Sewer    | Reached skill level 5 in Armour
  5499 | D:6      | Reached skill level 8 in Fighting
  5915 | D:6      | Found a staircase to the Ecumenical Temple.
  5925 | Temple   | Entered the Ecumenical Temple
  6062 | D:6      | Found a radiant altar of Vehumet.
  6062 | D:6      | Found an iron altar of Okawaru.
  6594 | D:7      | Noticed MrRokkomies' ghost (experienced DsWr)
  6621 | D:7      | Killed MrRokkomies' ghost
  6621 | D:7      | Reached skill level 9 in Fighting
  6621 | D:7      | Reached XP level 9. HP: 79/83 MP: 4/4
  6790 | D:7      | Received a gift from Trog
  7236 | D:7      | Reached skill level 1 in Long Blades
  7703 | D:7      | Reached skill level 10 in Fighting
  8436 | D:8      | Reached skill level 10 in Axes
  8436 | D:8      | Reached XP level 10. HP: 84/94 MP: 4/4
  8634 | D:8      | Received a gift from Trog
  8748 | D:8      | Found a staircase to the Lair.
  8946 | Lair:1   | Entered Level 1 of the Lair of Beasts
  8984 | Lair:1   | Noticed Erica
  8995 | Lair:1   | Killed Erica
  9068 | Lair:1   | Noticed a four-headed hydra
  9099 | Lair:1   | HP: 2/94 [six-headed hydra (4)]
  9099 | Lair:1   | Slain by a six-headed hydra

Action                   |  1- 3 |  4- 6 |  7- 9 | 10-12 || total
-------------------------+-------+-------+-------+-------++-------
Melee: Hand axe          |   103 |   144 |    13 |       ||   260
       War axe           |       |       |   245 |       ||   245
       Long sword        |       |       |    71 |       ||    71
       Battleaxe         |       |       |    59 |    33 ||    92
 Fire: Shortbow          |       |       |     8 |       ||     8
Invok: Berserk           |       |     3 |     6 |     1 ||    10
       Burn Spellbooks   |       |     1 |       |       ||     1
       Trog's Hand       |       |     1 |     1 |     1 ||     3
  Use: Scroll            |     1 |     2 |    11 |       ||    14
  Eat: Chunk             |     1 |    10 |    17 |     2 ||    30
       Pizza             |       |     1 |       |       ||     1
       Bread ration      |       |       |     1 |       ||     1
